 Dungeon Crawl Stone Soup version 0.30.1-11-g7821555f0a (webtiles) character file.

Game seed: 17297156878555108674

8 Chiseanne the Vexing (level 2, 21/21 HPs)
             Began as a Demonspawn Wanderer on Nov 24, 2023.
             Quit the game on level 1 of the Dungeon.
             The game lasted 00:00:30 (266 turns).

Chiseanne the Vexing (Demonspawn Wanderer)           Turns: 266, Time: 00:00:31

Health: 21/21      AC:  6    Str: 10    XL:     2   Next: 0%
Magic:  3/3        EV: 10    Int: 13    God:
Gold:   27         SH:  0    Dex: 14    Spells: 2/3 levels left

rFire   . . .        a - +2 quarterstaff
rCold   . . .        (shield currently unavailable)
rNeg    . . .        f - +0 ring mail
rPois   .            b - +0 helmet
rElec   .            (no cloak)
rCorr   .            (no gloves)
SInv    .            (no boots)
Will    .....        (no amulet)
Stlth   +            (no ring)
HPRegen 0.23/turn    (no ring)
MPRegen 0.08/turn

%: no passive effects
@: no status effects
A: hooves 1
a: no special abilities


You were on level 1 of the Dungeon.
You visited 1 branch of the dungeon, and saw 1 of its levels.

You collected 27 gold pieces.

Inventory:

Hand Weapons
 a - a +2 quarterstaff (weapon)
Missiles
 d - 6 stones
Armour
 b - a +0 helmet (worn)
 f - a +0 ring mail (worn)
Jewellery
 k - a ring of protection from fire
Scrolls
 c - a scroll of blinking
 g - 2 scrolls of identify {unknown}
 h - a scroll of poison {unknown}
Potions
 e - a potion of berserk rage {unknown}
 i - a potion of heal wounds {unknown}
 j - a potion of curing {unknown}


   Skills:
 * Level 1.4 Fighting
 - Level 2.6 Staves
 * Level 0.5 Armour
 * Level 0.6 Dodging
 - Level 1.7 Stealth
 - Level 1.0 Spellcasting
 - Level 3.0 Hexes


You had 2 spell levels left.
You knew the following spells:

 Your Spells              Type           Power      Damage    Failure   Level
a - Slow                  Hex            32%        N/A       22%         1

Your spell library contained the following spells:

 Spells                   Type           Power      Damage    Failure   Level
 Kiss of Death            Conj/Necr      0%         2d5       58%         1
 Confusing Touch          Hex            8%         N/A       54%         3
 Portal Projectile        Hex/Tloc       8%         N/A       75%         3
 Dispel Undead            Necr           0%         3d6       100%        4


Dungeon Overview and Level Annotations

Branches:
Dungeon (1/15)

Altars:


Innate Abilities, Weirdness & Mutations

You have large cloven feet.


Message History

No target in view!
An endoplasm comes into view.
The endoplasm quivers.
You hit the endoplasm.
You kill the endoplasm!
No target in view!
No target in view!
No target in view!
No target in view!
No target in view!
No target in view!
No target in view!
No target in view!
No target in view!
No target in view!
No target in view!
No target in view!
No target in view!
You now have 27 gold pieces (gained 6).
j - an orange potion You open the door.
There is an open door here.
You open the door.
There is an open door here.
k - a ring of protection from fire
g - 2 scrolls labelled KASA BYT OSAGU (gained 1)
You open the door.
There is an open door here.
You pick up a book of Touch and begin reading...
You add the spells Kiss of Death, Confusing Touch and Dispel Undead to your library.
A goblin comes into view. It is wielding a +0 club.
The goblin shouts!
The goblin hits you but does no damage.
You miss the goblin. The goblin hits you but does no damage.
You thump the goblin!
You kill the goblin!
You have reached level 2!
Your demonic ancestry asserts itself...
Your feet thicken and deform.
Are you sure you want to abandon this character and quit the game? (Confirm with "yes".)

###### ###############
###....########.............#####
..'....'......+...........>.'....
###....########.............#####
###.#### ........#######.........
....# ........# #.#.#####. #####
........# ####.#.....# #
.......@# #....#.##.## #
.......)####.####..#.# #
#..........##...# #.##.# #
#......(...##.######....#
#######.#######...#......#.####
........# ###.######.#.#
.######.##### #....... #...#
.######.....###.##..#.####.#
....................#.# #.#


There were no monsters in sight!

Vanquished Creatures
  2 endoplasms (D:1)
  A goblin (D:1)
  A hobgoblin (D:1)
  2 ball pythons (D:1)
  A bat (D:1)
  A rat (D:1)
8 creatures vanquished.

Notes
Turn   | Place    | Note
-------+----------+-------------------------------------------
     0 | D:1      | Chiseanne the Demonspawn Wanderer began the quest for the
                  | Orb.
     0 | D:1      | Chiseanne set off with the following items: a +2
                  | quarterstaff, a +0 helmet, a scroll of blinking, a +0 robe;
                  | and the following spell memorised: Slow; and the following
                  | spells available to memorise: Portal Projectile.
     0 | D:1      | Reached XP level 1. HP: 15/15 MP: 2/2
   266 | D:1      | Gained mutation: You have large cloven feet. [demonic
                  | ancestry]
   266 | D:1      | Reached XP level 2. HP: 21/21 MP: 3/3
   266 | D:1      | Quit the game

Illustrated notes

Levels and vault maps discovered:
D:1:      dpeg_arrival_stonehenge_8_columns, layout_basic, grunt_decor_arrowhead

Action                     || total
---------------------------++-------
  Melee: Quarterstaff      ||    13
 Armour: Ring mail         ||     9
  Dodge: Dodged            ||     4
